Map: Zielone pola

Players

SI 2 (Elitarna) - Winner!

  • Race: Terran Terran
  • Spawn Location: 7:00

SI 1 (Trudniejsza)

  • Race: Zerg Zerg
  • Spawn Location: 3:00

Romeo - Winner!

  • Race: Terran Terran
  • Spawn Location: 6:00

VOD

Have the link to the VOD?

Description

Trepy trening

Time

  • Played on: Nov. 29, 2021, 1:36 p.m.
  • Length: 10:30
Show
View Real Time Build Order
Export as new Build Order

SI 2 (Elitarna) Terran - Winner!

Build Orders:  

Get SALT Encoding   

  12  0:00  SCV  
  13  0:13  SCV  
  14  0:19  Supply Depot  
  14  0:25  SCV  
  15  0:41  SCV  
  16  0:45  Barracks  
  16  0:47  Refinery  
  16  0:53  SCV  
  17  1:05  SCV, Barracks  
  18  1:17  SCV  
  19  1:32  Marine  
  20  1:33  Orbital Command  
  20  1:41  Barracks  
  20  1:49  Marine  
  20  1:52  Marine  
  22  1:59  Supply Depot  
  22  2:01  SCV  
  22  2:08  Barracks Tech Lab  
  23  2:11  Barracks Tech Lab  
  23  2:20  SCV  
  24  2:26  Marine  
  24  2:27  Stimpack  
  24  2:28  Marine  
  24  2:29  Concussive Shells, Marine  
  27  2:36  Supply Depot  
  27  2:43  Marine  
  28  2:46  Marine  
  28  2:47  SCV, Marine  
  31  3:02  Marauder  
  31  3:03  Marine  
  36  3:05  Marauder  
  36  3:06  Supply Depot  
  36  3:20  SCV  
  36  3:21  Marine  
  36  3:23  Combat Shield, Marine  
  39  3:27  Marine  
  39  3:31  Supply Depot  
  40  3:39  Marine  
  43  3:41  Marauder  
  43  3:45  Marauder  
  43  3:47  Refinery  
  45  4:04  Marauder  
  45  4:07  Marauder  
  49  4:10  Supply Depot, SCV  
  49  4:14  Marine  
  47  4:22  SCV  
  48  4:26  Marauder  
  50  4:36  Command Center  
  50  4:39  SCV  
  50  4:42  Marine  
  52  4:47  Marauder  
  54  4:58  Factory  
  54  5:03  Engineering Bay  
  54  5:20  Engineering Bay  
  54  5:21  Barracks Reactor  
  54  5:24  Marine  
  54  5:27  Marine  
  56  5:29  Terran Infantry Weapons Level 1  
  56  5:43  Marauder  
  56  5:45  Supply Depot  
  56  5:46  Terran Infantry Armor Level 1, Marauder  
  56  5:49  SCV  
  62  5:50  SCV  
  62  6:01  SCV  
  62  6:02  SCV  
  64  6:13  SCV  
  64  6:15  SCV  
  66  6:23  Factory Tech Lab  
  66  6:26  SCV  
  66  6:28  SCV  
  66  6:29  Missile Turret  
  68  6:36  Missile Turret  
  68  6:38  SCV  
  68  6:39  Command Center  
  69  6:43  Orbital Command  
  69  6:49  Siege Tank  
  69  6:50  SCV  
  73  7:02  SCV  
  73  7:07  Barracks  
  73  7:09  Supply Depot, SCV  
  73  7:14  SCV  
  75  7:21  Hellion, SCV  
  78  7:27  SCV  
  79  7:30  Starport  
  79  7:39  SCV  
  79  7:40  Supply Depot, SCV  
  79  7:43  Hellion  
  83  7:51  SCV, Armory  
  83  7:58  SCV  
  85  8:00  SCV  
  85  8:03  SCV  
  85  8:04  Hellion  
  89  8:09  Starport Reactor  
  89  8:10  SCV  
  90  8:13  Orbital Command  
  90  8:15  SCV  
  91  8:20  Missile Turret  
  91  8:22  Missile Turret, SCV  
  91  8:25  Siege Tank  
  95  8:27  SCV  
  95  8:34  SCV, Marine  
  96  8:35  Marine  
  96  8:39  SCV  
  96  8:40  Supply Depot  
  101  8:41  SCV  
  101  8:45  Medivac  
  101  8:46  SCV  
  104  8:50  Medivac  
  104  8:52  Marauder, SCV  
  104  8:53  SCV  
  104  8:54  Marauder  
  112  8:57  Siege Tank  
  112  8:59  SCV  
  116  9:03  Refinery  
  116  9:04  Refinery  
  116  9:05  Supply Depot, SCV  
  116  9:07  SCV  
  118  9:11  SCV  
  119  9:19  Refinery  
  119  9:22  Refinery  
  119  9:26  SCV  
  119  9:27  SCV x2  
  119  9:30  Supply Depot, Widow Mine  
  124  9:38  SCV  
  124  9:42  SCV  
  124  9:43  SCV  
  124  9:44  Armory  
  127  9:46  Missile Turret  
  127  9:50  SCV  
  127  9:52  Siege Tank  
  127  9:54  SCV  
  127  9:55  SCV  
  127  9:56  Supply Depot  
  129  10:02  SCV  
  129  10:03  Marine  
  129  10:04  Command Center  
  130  10:09  Missile Turret  
  130  10:19  Supply Depot  
Show
View Real Time Build Order
Export as new Build Order

SI 1 (Trudniejsza) Zerg 

Build Orders: 1 Base Baneling Bust, Pool First, Zergling Baneling 

Get SALT Encoding   

  12  0:00  Drone  
  13  0:12  Overlord  
  13  0:17  Drone  
  14  0:30  Drone x2  
  16  0:43  Spawning Pool  
  16  0:45  Drone  
  16  0:49  Drone  
  17  0:52  Extractor  
  17  0:55  Drone  
  17  1:06  Overlord  
  17  1:31  Queen, Zergling x4  
  21  1:37  Roach Warren  
  21  1:38  Drone  
  21  1:42  Extractor  
  20  1:49  Drone  
  20  1:51  Baneling Nest  
  20  1:59  Drone  
  21  2:10  Drone  
  22  2:21  Zergling x2  
  23  2:32  Drone  
  23  2:35  Baneling x2  
  23  2:36  Baneling x2  
  24  2:37  Overlord, Zergling x2  
  24  2:38  Zergling x2  
  24  2:43  Zergling x2  
  27  2:54  Drone  
  27  2:55  Metabolic Boost  
  28  3:05  Zergling x2  
  29  3:09  Zergling x6  
  32  3:16  Overlord  
  32  3:24  Baneling  
  32  3:27  Zergling x2, Baneling  
  32  3:32  Baneling  
  33  3:38  Baneling, Zergling x2  
  34  3:41  Zergling x2, Drone  
  34  3:42  Drone  
  37  3:50  Drone  
  38  4:00  Drone  
  39  4:08  Evolution Chamber  
  37  4:11  Zergling x2  
  37  4:12  Baneling, Zergling x2  
  37  4:13  Baneling, Zergling x2, Drone  
  37  4:21  Baneling x2  
  37  4:23  Zergling x2  
  34  4:34  Roach  
  36  4:43  Lair  
  36  4:45  Drone, Roach  
  39  4:52  Roach  
  41  4:55  Overlord  
  41  5:06  Drone  
  42  5:22  Zerg Melee Weapons Level 1  
  42  5:43  Hydralisk Den  
  42  5:46  Infestation Pit  
  42  5:47  Drone  
  41  6:12  Hydralisk  
  43  6:23  Infestor  
  45  6:27  Centrifugal Hooks  
  45  6:35  Hatchery  
  45  6:36  Drone  
  45  6:46  Burrow  
  45  6:51  Roach  
  47  6:56  Overlord  
  47  6:58  Roach  
  49  7:05  Roach  
  51  7:12  Roach  
  53  7:16  Zerg Ground Armor Level 1  
  53  7:18  Hydralisk  
  53  7:19  Spore Crawler  
  54  7:24  Spore Crawler  
  54  7:26  Hydralisk  
  55  7:34  Overlord  
  55  7:46  Queen  
  55  7:47  Drone x2  
  55  7:48  Spine Crawler, Drone x3  
  61  7:55  Drone x2  
  63  8:01  Drone  
  63  8:02  Extractor  
  63  8:06  Drone  
  63  8:08  Drone  
  63  8:11  Drone  
  66  8:15  Pneumatized Carapace  
  66  8:24  Spire  
  57  8:44  Extractor  
  56  8:50  Evolution Chamber  
  56  8:51  Drone  
  56  8:55  Hatchery  
  55  9:04  Drone  
  55  9:07  Overseer  
  56  9:10  Overseer  
  55  9:35  Hydralisk, Zergling x4  
  55  9:38  Queen  
  45  9:40  Baneling  
  45  9:42  Mutalisk  
  39  9:49  Mutalisk  
  31  9:56  Corruptor, Drone  
  31  10:01  Drone  
  31  10:03  Mutalisk  
  31  10:05  Drone x2  
  29  10:17  Drone  
  29  10:18  Drone  
Show
View Real Time Build Order
Export as new Build Order

Romeo Terran - Winner!

Build Orders:  

Get SALT Encoding   

  12  0:01  SCV  
  13  0:17  SCV  
  13  0:18  Supply Depot  
  14  0:29  SCV  
  15  0:41  SCV  
  16  0:42  Barracks  
  16  0:47  Refinery  
  16  0:55  SCV  
  17  1:07  SCV  
  18  1:13  Barracks  
  18  1:19  SCV  
  19  1:32  Orbital Command  
  19  1:34  Marine  
  20  1:46  Supply Depot  
  20  1:55  Barracks  
  20  2:00  Marine  
  21  2:03  Marine  
  22  2:19  SCV  
  23  2:26  Barracks Tech Lab  
  23  2:27  Barracks Tech Lab  
  23  2:31  SCV  
  24  2:46  Supply Depot  
  24  2:52  Stimpack  
  24  2:53  Combat Shield  
  24  2:58  Marine  
  24  3:03  Refinery  
  25  3:06  Marine  
  25  3:10  Marauder  
  28  3:21  Marine  
  28  3:24  Marine  
  30  3:31  Marine  
  31  3:39  Marine  
  32  3:49  Marauder  
  32  3:50  SCV  
  35  3:59  Supply Depot  
  35  4:01  Factory  
  35  4:02  Barracks Reactor, SCV  
  36  4:07  Marauder  
  38  4:14  SCV  
  39  4:21  Marauder  
  41  4:38  Command Center  
  41  4:39  Concussive Shells  
  41  4:41  Marauder  
  41  4:42  Marauder  
  45  4:50  Factory Reactor  
  45  5:02  Marauder, Engineering Bay  
  47  5:27  Supply Depot  
  47  5:48  Marine x2  
  47  5:49  Marauder  
  51  5:50  Supply Depot  
  51  5:55  SCV  
  52  6:07  SCV  
  52  6:08  Bunker  
  53  6:12  Supply Depot  
  53  6:21  Marine x3  
  53  6:22  Marine x2  
  53  6:24  Siege Tank  
  61  6:34  Factory  
  61  6:39  Marine x4  
  63  6:41  Marauder  
  67  6:56  Sensor Tower  
  67  7:03  Marauder  
  67  7:08  Terran Infantry Weapons Level 1  
  69  7:15  Supply Depot  
  69  7:17  Refinery  
  69  7:25  Starport  
  69  7:29  SCV  
  70  7:32  Factory Reactor  
  70  7:38  Supply Depot  
  70  7:39  Marine  
  70  7:40  Marine x3  
  70  7:41  SCV  
  76  7:45  Marauder  
  76  7:49  Siege Tank  
  80  7:53  SCV  
  80  7:56  Supply Depot  
  80  7:57  Marine x3  
  80  7:58  Marine  
  85  8:05  SCV  
  86  8:07  Marauder  
  88  8:15  Command Center  
  88  8:17  SCV  
  88  8:19  Supply Depot  
  89  8:22  Medivac  
  91  8:28  Marauder  
  93  8:41  Hellion  
  93  8:42  Hellion  
  97  8:52  Medivac  
Tags
 
Add a new tag
Caveats
  • Supply blocks, unpowered buildings, or Contaminate may cause inaccurate times.
  • Supply counts are checked every 10 seconds.